 Dungeon Crawl Stone Soup version 0.31-a0-177-g4aa6249778 (webtiles) character file.

Game seed: 17128686331185846699

316 qw the Shooter (level 6, 0/56 HPs)
             Began as a Naga Hunter on June 18, 2023.
             Slain by a goblin
             ... wielding a +0 dagger
             ... led by Robin
              (2 damage)
             ... on level 3 of the Dungeon.
             The game lasted 00:00:40 (1764 turns).

qw the Shooter (Naga Hunter)                        Turns: 1764, Time: 00:00:41

Health: 0/56       AC:  5    Str: 13    XL:     6   Next: 44%
Magic:  6/6        EV:  9    Int: 10    God:
Gold:   121        SH:  0    Dex: 16    Spells: 5/5 levels left

rFire   . . .        Y - +0 shortbow
rCold   . . .        (shield currently unavailable)
rNeg    . . .        c - +0 leather armour
rPois   +            d - +0 helmet
rElec   .            (no cloak)
rCorr   .            e - +0 pair of gloves
SInv    +            (no barding)
Will    .....        (no amulet)
Stlth   ++           (no ring)
HPRegen 0.29/turn    (no ring)
MPRegen 0.10/turn

%: no passive effects
@: lethally poisoned (0 -> -9), about to teleport, short of breath, very slow
A: AC +2, large, see invisible, deformed body, poison resistance, slowness 2,
spit poison 1, naga tail 1
a: Spit Poison


You were on level 3 of the Dungeon.
You visited 1 branch of the dungeon, and saw 3 of its levels.

You collected 121 gold pieces.


Innate Abilities, Weirdness & Mutations

Your serpentine skin is tough. (AC +2)
You have supernaturally acute eyesight. (SInv)
Armour fits poorly on your strangely shaped body.
Your system is resistant to poisons. (rPois)
You cover ground very slowly.
You can spit poison.
You have a snake-like lower body.


   Skills:
 + Level 3.2 Fighting
 - Level 6.4 Ranged Weapons
 - Level 1.5 Dodging
 - Level 1.5 Stealth


You had 5 spell levels left.
You didn't know any spells.
Your spell library was empty.

Inventory:

Hand Weapons
 Y - a +0 shortbow (weapon)
Armour
 c - a +0 leather armour (worn)
 d - a +0 helmet (worn)
 e - a +0 pair of gloves (worn)
Scrolls
 a - a scroll of teleportation
 h - a scroll of identify
Potions
 b - 2 potions of attraction {unknown}
 i - a potion of brilliance {unknown}

Dungeon Overview and Level Annotations

Branches:
Dungeon (3/15)

Altars:

Annotations:
D:3 Robin


Message History

The hobgoblin hits you but does no damage.
The goblin unwields a +0 sling.
The goblin wields a +0 club.
The goblin hits you but does no damage.
You shoot an arrow. The arrow closely misses the hobgoblin.
The arrow hits the hobgoblin!
You kill the hobgoblin!
The goblin barely misses you. The goblin hits you but does no damage.
The hobgoblin hits you. The goblin barely misses you.
You shoot an arrow. The arrow hits the hobgoblin!
You kill the hobgoblin!
The goblin hits you with a +0 dagger. The goblin hits you with a +3 dagger.
The goblin hits you but does no damage. The goblin hits you with a +3 dagger.
The goblin closely misses you.
You shoot an arrow. The arrow hits Robin.
Robin is moderately wounded.
You have got your breath back.
The goblin hits you with a +0 club. The goblin hits you but does no damage.
Robin hits you but does no damage. The goblin closely misses you.
1761 ||| INVOKING Spit Poison.
Aiming: Spit Poison (1% risk of failure)
Press: ? - help, Shift-Dir - straight line, f/p - Robin The splash of poison hits Robin but does no damage.
Robin is moderately wounded.
The goblin misses you. The goblin hits you but does no damage.
Robin hits you but does no damage. The goblin hits you but does no damage.
You shoot an arrow. The arrow hits Robin.
Robin is severely wounded.
The goblin hits you but does no damage. The goblin barely misses you.
The goblin hits you with a +3 dagger. The goblin hits you with a +0 club.
1763 ||| READING 2 scrolls of teleportation.
As you read the scroll of teleportation, it crumbles to dust.
You feel strangely unstable. The goblin completely misses you.
The goblin hits you with a +3 dagger! The goblin hits you but does no damage.
You shoot an arrow. The arrow closely misses Robin.
The goblin no longer looks unusually strong. x2
Robin hits you but does no damage.
You are lethally poisoned!
The goblin hits you with a +0 dagger.
You die...

....... #.....#
#.....# #.....#
#.....# #.....#
####### ###
#.....# #......
.....##gg...#
#......
..))))g@g.###
#......
.....####.##
#...... ...
#..# #...... .
##.## ###....
#..########....
##...#.%.......
###.........##
##.......(#
##.......#


You could see Robin and 3 goblins.

Vanquished Creatures
  Grinder (D:3)
  An orc wizard (D:3)
  4 adders (D:2)
  3 dart slugs
  5 orcs (D:3)
  4 ball pythons
  3 endoplasms
  A giant cockroach (D:1)
  11 goblins
  7 hobgoblins
  3 quokkas (D:1)
  3 bats
  2 frilled lizards
  4 kobolds
  4 rats
56 creatures vanquished.

Notes
Turn   | Place    | Note
-------+----------+-------------------------------------------
     0 | D:1      | qw the Naga Hunter began the quest for the Orb.
     0 | D:1      | Reached XP level 1. HP: 19/19 MP: 1/1
     0 | D:1      | 0 ||| qw: Version: 0.3-a-7-ge0c9b40
     0 | D:1      | 0 ||| qw: Game counter: 812
     0 | D:1      | 0 ||| qw: Always use a shield: true
     0 | D:1      | 0 ||| qw: God list: Okawaru
     0 | D:1      | 0 ||| qw: Allow faded altars: false
     0 | D:1      | 0 ||| qw: Do Orc after D:15 true
     0 | D:1      | 0 ||| qw: Do second Lair branch before Depths: true
     0 | D:1      | 0 ||| qw: Lair rune preference: random
     0 | D:1      | 0 ||| qw: Plans: Normal
     0 | D:1      | 0 ||| PLANNING D:1-11
    59 | D:1      | 59 ||| INVOKING Spit Poison.
    69 | D:1      | Found a faded altar of an unknown god.
    70 | D:1      | Noticed a floating eye
    73 | D:1      | Noticed an eye of devastation
    73 | D:1      | Noticed a shining eye
    73 | D:1      | Noticed a great orb of eyes
   160 | D:1      | 160 ||| INVOKING Spit Poison.
   176 | D:1      | 176 ||| INVOKING Spit Poison.
   230 | D:1      | 230 ||| INVOKING Spit Poison.
   242 | D:1      | 242 ||| INVOKING Spit Poison.
   247 | D:1      | Reached skill level 4 in Ranged Weapons
   247 | D:1      | Reached XP level 2. HP: 20/26 MP: 2/2
   284 | D:1      | 284 ||| INVOKING Spit Poison.
   310 | D:1      | 310 ||| INVOKING Spit Poison.
   315 | D:1      | 315 ||| INVOKING Spit Poison.
   333 | D:1      | 333 ||| INVOKING Spit Poison.
   343 | D:1      | 343 ||| INVOKING Spit Poison.
   346 | D:1      | 346 ||| INVOKING Spit Poison.
   375 | D:1      | 375 ||| INVOKING Spit Poison.
   376 | D:1      | 376 ||| INVOKING Spit Poison.
   381 | D:1      | 381 ||| INVOKING Spit Poison.
   382 | D:1      | Reached XP level 3. HP: 29/32 MP: 3/3
   404 | D:1      | 404 ||| INVOKING Spit Poison.
   721 | D:1      | 721 ||| INVOKING Spit Poison.
   779 | D:1      | 779 ||| UPGRADING to +0 helmet.
   784 | D:1      | 784 ||| UPGRADING to +0 pair of gloves.
   789 | D:1      | 789 ||| READING 2 scrolls labelled YCOELY FIPO ROE.
   792 | D:1      | 792 ||| READING scroll labelled SEPTADGH ODEPT.
   793 | D:1      | 793 ||| READING 2 scrolls labelled EMICELL FIMARPH.
   794 | D:1      | 794 ||| DROPPING scroll of butterflies.
   814 | D:2      | 814 ||| INVOKING Spit Poison.
   826 | D:2      | 826 ||| INVOKING Spit Poison.
   831 | D:2      | 831 ||| INVOKING Spit Poison.
   846 | D:2      | 846 ||| INVOKING Spit Poison.
   869 | D:2      | 869 ||| INVOKING Spit Poison.
   870 | D:2      | Reached skill level 5 in Ranged Weapons
   870 | D:2      | Reached XP level 4. HP: 39/39 MP: 4/4
   873 | D:2      | 873 ||| INVOKING Spit Poison.
   958 | D:2      | 958 ||| INVOKING Spit Poison.
   969 | D:2      | 969 ||| INVOKING Spit Poison.
  1068 | D:2      | 1068 ||| INVOKING Spit Poison.
  1073 | D:2      | 1073 ||| INVOKING Spit Poison.
  1135 | D:2      | 1135 ||| INVOKING Spit Poison.
  1141 | D:2      | 1141 ||| READING 2 scrolls labelled YMAAMN SEVO.
  1142 | D:2      | 1142 ||| READING scroll labelled QELYHA VOCU.
  1143 | D:2      | 1143 ||| DRINKING 2 dark potions.
  1247 | D:2      | 1247 ||| DROPPING scroll of vulnerability.
  1248 | D:2      | 1248 ||| DROPPING potion of berserk rage.
  1289 | D:3      | 1289 ||| INVOKING Spit Poison.
  1294 | D:3      | 1294 ||| INVOKING Spit Poison.
  1297 | D:3      | Reached skill level 3 in Fighting
  1300 | D:3      | 1300 ||| INVOKING Spit Poison.
  1305 | D:3      | 1305 ||| INVOKING Spit Poison.
  1319 | D:3      | 1319 ||| INVOKING Spit Poison.
  1334 | D:3      | 1334 ||| INVOKING Spit Poison.
  1345 | D:3      | 1345 ||| INVOKING Spit Poison.
  1349 | D:3      | 1349 ||| INVOKING Spit Poison.
  1445 | D:3      | 1445 ||| INVOKING Spit Poison.
  1446 | D:3      | Reached XP level 5. HP: 49/49 MP: 5/5
  1581 | D:3      | Noticed Grinder
  1581 | D:3      | Paralysed by Grinder for 3 turns
  1597 | D:3      | Killed Grinder
  1598 | D:3      | Reached skill level 6 in Ranged Weapons
  1598 | D:3      | Reached XP level 6. HP: 24/56 MP: 6/6
  1746 | D:3      | 1746 ||| INVOKING Spit Poison.
  1749 | D:3      | 1749 ||| INVOKING Spit Poison.
  1750 | D:3      | Noticed Robin
  1755 | D:3      | 1755 ||| INVOKING Spit Poison.
  1761 | D:3      | 1761 ||| INVOKING Spit Poison.
  1762 | D:3      | HP: 14/56 [goblin/+3 dagger[Robin] (3)]
  1763 | D:3      | 1763 ||| READING 2 scrolls of teleportation.
  1763 | D:3      | HP: 1/56 [goblin/+3 dagger[Robin] (8)]
  1764 | D:3      | Slain by a goblin

Levels and vault maps discovered:
D:1:      dpeg_arrival_three_same_balls, layout_basic,
          hellmonk_ecumenical_altar_watching_god, grunt_decor_mini_mirrors
D:2:      layout_rooms
D:3:      layout_basic, uniq_robin, uniq_grinder

Skill      XL: |  1  2  3  4  5 |
---------------+----------------+-----
Ranged Weapons | 4 5 6 |  6.4
Fighting       | 3 |  3.2
Dodging        | |  1.5
Stealth        | |  1.5

Action                     |  1- 3 |  4- 6 || total
---------------------------+-------+-------++-------
   Fire: Shortbow          |    41 |    68 ||   109
Ability: Spit Poison       |    20 |    19 ||    39
    Use: Scroll            |     3 |     3 ||     6
         Potion            |       |     1 ||     1
 Armour: Leather armour    |     7 |    21 ||    28
  Dodge: Dodged            |     6 |    20 ||    26

Table legend:
 A = Non-vault XP
 B = Vault XP
 C = Vault XP percentage of total XP
 D = Non-vault monster count
 E = Vault monster count
 F = Vault count percentage of total count
                 A         B        C        D         E       F
            +---------+---------+-------+---------+---------+-------
      Total |     169 |     283 |  62.6 |      47 |       9 |  16.1
            +---------+---------+-------+---------+---------+-------
        D:1 |      38 |       0 |   0.0 |      20 |       0 |   0.0
        D:2 |      70 |       0 |   0.0 |      15 |       0 |   0.0
        D:3 |      61 |     283 |  82.3 |      12 |       9 |  42.9
            +---------+---------+-------+---------+---------+-------
